[ AOE2 MATCH · #488771680 ]
UnrankedTeutons vs Britons
[ REPLAY ANALYSIS · EXTRACTED FROM THE RECORDED GAME ]
Feudal
11:46
Castle
15:21
Imperial
30:01
| APM avg | 53.7 |
| APM peak | 153 |
| eAPM avg | 30.8 |
| Villagers / military | 187 / 253 |
Focus
⚔️ 38.6% · 🌾 61.4%
Spearman ×231 · Trade Cart ×20 · Mangonel ×8 · Monk ×7 · Battering Ram ×7
Feudal
12:12
Castle
17:20
Imperial
32:26
| APM avg | 20.4 |
| APM peak | 44 |
| eAPM avg | 13.2 |
| Villagers / military | 147 / 85 |
Focus
⚔️ 18.8% · 🌾 81.2%
Longbowman ×76 · Fishing Ship ×17 · Trebuchet (Packed) ×6 · Mangonel ×1 · Scorpion ×1 · Demolition Raft ×1
Feudal
11:28
Castle
24:00
Imperial
33:34
| APM avg | 29.1 |
| APM peak | 84 |
| eAPM avg | 18.1 |
| Villagers / military | 141 / 135 |
Focus
⚔️ 22.7% · 🌾 77.3%
Archer ×67 · Skirmisher ×60 · Militia ×5 · Trade Cart ×3 · Trebuchet (Packed) ×2 · Monk ×1
Feudal
10:57
Castle
14:34
Imperial
29:06
| APM avg | 34.0 |
| APM peak | 75 |
| eAPM avg | 23.3 |
| Villagers / military | 140 / 165 |
Focus
⚔️ 26.4% · 🌾 73.6%
Knight ×161 · Monk ×2 · Trebuchet (Packed) ×2
Feudal
14:40
Castle
18:10
Imperial
35:10
| APM avg | 25.8 |
| APM peak | 44 |
| eAPM avg | 17.2 |
| Villagers / military | 97 / 84 |
Focus
⚔️ 25.0% · 🌾 75.0%
Scout Cavalry ×48 · Conquistador ×32 · Fishing Ship ×12 · Petard ×2 · Battering Ram ×1 · Trebuchet (Packed) ×1
Feudal
13:34
Castle
17:06
Imperial
—
| APM avg | 36.5 |
| APM peak | 101 |
| eAPM avg | 23.4 |
| Villagers / military | 211 / 77 |
Focus
⚔️ 23.5% · 🌾 76.5%
Cavalry Archer ×67 · Monk ×8 · Trade Cart ×5 · Scorpion ×2
Match map
Initial resources + every placement click. Lines = walls · curves = elevation contours. ◆ gold · ⬟ stone · ● berries · ✦ relic · ◌ wall gap
Your base· Open — opponent sealed themselves in
Don Pollo's base· ✓ Closed at 17:20 · 33t walls · 1 gate(s)
|FMG| Donde Estan Mis 5 Pizzas's base· ✓ Closed at 24:00 · 36t walls · no gate
TwBestShaco's base· ✓ Closed at 14:34 · 5t walls · fragile
NahuXeneize's base· ✓ Closed at 18:10 · 29t walls · no gate
FMG | Santiago's base· Open — opponent sealed themselves in
Smoothed initial terrain · ◌ = detected wall gap · hover for details
Inputs per minute
— FMG | GreatMaty - - Don Pollo
Build order — FMG | GreatMaty
First 150 of 549 actions detected
| 0:00 | Create | Villager (Male) |
| 0:01 | Create | Villager (Male) |
| 0:01 | Create | Villager (Male) |
| 0:02 | Build | House |
| 0:03 | Build | House |
| 0:18 | Create | Villager (Male) |
| 0:18 | Create | Villager (Male) |
| 1:25 | Create | Villager (Male) |
| 1:26 | Create | Villager (Male) |
| 1:45 | Create | Villager (Male) |
| 1:45 | Create | Villager (Male) |
| 2:09 | Create | Villager (Male) |
| 2:09 | Create | Villager (Male) |
| 2:11 | Build | Lumber Camp |
| 2:50 | Create | Villager (Male) |
| 3:17 | Create | Villager (Male) |
| 3:17 | Create | Villager (Male) |
| 3:18 | Create | Villager (Male) |
| 3:19 | Create | Villager (Male) |
| 3:30 | Build | House |
| 3:41 | Create | Villager (Male) |
| 4:16 | Create | Villager (Male) |
| 4:27 | Create | Villager (Male) |
| 4:27 | Create | Villager (Male) |
| 4:54 | Create | Villager (Male) |
| 4:54 | Create | Villager (Male) |
| 5:02 | Create | Villager (Male) |
| 5:03 | Create | Villager (Male) |
| 5:06 | Build | Mill |
| 5:19 | Build | House |
| 5:35 | Build | House |
| 5:58 | Build | Mill |
| 6:05 | Create | Villager (Male) |
| 6:19 | Build | House |
| 6:26 | Create | Villager (Male) |
| 6:33 | Build | House |
| 6:46 | Build | House |
| 6:59 | Create | Villager (Male) |
| 7:16 | Create | Villager (Male) |
| 7:41 | Create | Villager (Male) |
| 7:59 | Build | Farm |
| 8:08 | Create | Villager (Male) |
| 8:28 | Create | Villager (Male) |
| 8:29 | Build | Farm |
| 8:41 | Build | House |
| 8:50 | Build | Farm |
| 9:03 | Create | Villager (Male) |
| 9:22 | Research | Feudal Age |
| 9:22 | Research | Feudal Age |
| 9:30 | Build | Mining Camp |
| 10:31 | Build | Lumber Camp |
| 10:47 | Create | Villager (Male) |
| 10:49 | Create | Villager (Male) |
| 11:46 | Age | Feudal Age |
| 11:48 | Build | Market |
| 11:50 | Build | Blacksmith |
| 12:23 | Research | Double-Bit Axe |
| 12:41 | Research | Castle Age |
| 12:42 | Research | Castle Age |
| 13:03 | Research | Horse Collar |
| 13:28 | Build | House |
| 14:21 | Create | Villager (Male) |
| 14:49 | Build | Barracks |
| 15:21 | Age | Castle Age |
| 15:25 | Build | Town Center |
| 15:29 | Research | Bow Saw |
| 15:32 | Build | Town Center |
| 15:33 | Create | Villager (Male) |
| 15:52 | Create | Villager (Male) |
| 16:05 | Create | Villager (Male) |
| 16:23 | Create | Villager (Male) |
| 16:57 | Build | Farm |
| 16:57 | Build | Farm |
| 16:57 | Build | Farm |
| 17:00 | Build | Farm |
| 17:03 | Build | Town Center |
| 17:07 | Create | Villager (Male) |
| 17:08 | Create | Villager (Male) |
| 17:09 | Build | Farm |
| 17:09 | Build | Farm |
| 17:10 | Build | Farm |
| 17:10 | Build | Farm |
| 17:10 | Build | Farm |
| 17:10 | Build | Farm |
| 17:10 | Build | Farm |
| 17:11 | Build | Farm |
| 17:13 | Create | Villager (Male) |
| 17:25 | Create | Villager (Male) |
| 17:27 | Build | Farm |
| 17:32 | Create | Villager (Male) |
| 17:39 | Create | Villager (Male) |
| 17:43 | Build | Monastery |
| 17:47 | Create | Villager (Male) |
| 17:48 | Create | Villager (Male) |
| 17:53 | Build | Farm |
| 17:58 | Build | Farm |
| 17:58 | Build | Farm |
| 18:01 | Create | Villager (Male) |
| 18:11 | Create | Villager (Male) |
| 18:11 | Create | Villager (Male) |
| 18:14 | Build | Farm |
| 18:16 | Build | Farm |
| 18:20 | Create | Villager (Male) |
| 18:20 | Create | Villager (Male) |
| 18:20 | Create | Villager (Male) |
| 18:35 | Create | Monk |
| 18:40 | Create | Villager (Male) |
| 18:40 | Create | Villager (Male) |
| 18:41 | Create | Villager (Male) |
| 18:44 | Build | House |
| 18:45 | Build | House |
| 18:46 | Create | Villager (Male) |
| 18:46 | Create | Villager (Male) |
| 18:49 | Build | House |
| 18:50 | Build | House |
| 18:52 | Build | Farm |
| 18:52 | Build | Farm |
| 18:54 | Build | Farm |
| 18:54 | Build | Farm |
| 18:54 | Build | Farm |
| 18:55 | Build | Farm |
| 18:55 | Build | Farm |
| 18:56 | Create | Villager (Male) |
| 18:56 | Create | Villager (Male) |
| 19:02 | Build | Farm |
| 19:12 | Build | Farm |
| 19:15 | Build | Farm |
| 19:18 | Create | Villager (Male) |
| 19:18 | Create | Villager (Male) |
| 19:18 | Create | Villager (Male) |
| 19:27 | Create | Villager (Male) |
| 19:28 | Create | Villager (Male) |
| 19:31 | Build | Farm |
| 19:31 | Build | Farm |
| 19:31 | Build | Farm |
| 19:33 | Build | Farm |
| 19:37 | Create | Villager (Male) |
| 19:37 | Create | Villager (Male) |
| 19:40 | Build | Farm |
| 19:44 | Build | Farm |
| 19:46 | Build | Farm |
| 19:48 | Build | Farm |
| 19:51 | Create | Villager (Male) |
| 19:51 | Create | Villager (Male) |
| 19:51 | Create | Villager (Male) |
| 19:53 | Build | House |
| 19:53 | Build | House |
| 20:02 | Create | Monk |
| 20:05 | Create | Villager (Male) |
| 20:05 | Create | Villager (Male) |
Build order — Don Pollo
First 150 of 293 actions detected
| 0:01 | Create | Villager (Male) |
| 0:02 | Create | Villager (Male) |
| 0:02 | Create | Villager (Male) |
| 0:02 | Create | Villager (Male) |
| 0:02 | Create | Villager (Male) |
| 0:04 | Build | House |
| 0:05 | Build | House |
| 1:17 | Research | Loom |
| 1:29 | Create | Villager (Male) |
| 2:08 | Create | Villager (Male) |
| 2:09 | Create | Villager (Male) |
| 2:52 | Create | Villager (Male) |
| 2:52 | Create | Villager (Male) |
| 2:52 | Create | Villager (Male) |
| 2:57 | Build | House |
| 3:09 | Build | Palisade Wall |
| 3:13 | Create | Villager (Male) |
| 3:54 | Create | Villager (Male) |
| 3:54 | Create | Villager (Male) |
| 4:05 | Build | Lumber Camp |
| 4:17 | Create | Villager (Male) |
| 4:25 | Create | Villager (Male) |
| 4:55 | Create | Villager (Male) |
| 5:24 | Create | Villager (Male) |
| 5:41 | Create | Villager (Male) |
| 5:41 | Create | Villager (Male) |
| 6:01 | Build | House |
| 6:16 | Create | Villager (Male) |
| 6:16 | Create | Villager (Male) |
| 6:37 | Create | Villager (Male) |
| 6:37 | Create | Villager (Male) |
| 6:37 | Create | Villager (Male) |
| 6:49 | Build | Mill |
| 7:25 | Create | Villager (Male) |
| 8:11 | Build | House |
| 8:21 | Create | Villager (Male) |
| 8:22 | Create | Villager (Male) |
| 8:22 | Create | Villager (Male) |
| 8:22 | Create | Villager (Male) |
| 8:40 | Build | Dock |
| 9:15 | Build | Lumber Camp |
| 9:25 | Research | Feudal Age |
| 9:29 | Build | Mining Camp |
| 9:46 | Create | Fishing Ship |
| 10:10 | Build | House |
| 10:16 | Create | Fishing Ship |
| 10:30 | Create | Fishing Ship |
| 10:56 | Create | Fishing Ship |
| 11:18 | Create | Fishing Ship |
| 11:33 | Create | Villager (Male) |
| 11:33 | Create | Villager (Male) |
| 11:58 | Create | Fishing Ship |
| 12:12 | Age | Feudal Age |
| 12:14 | Build | Market |
| 12:39 | Build | Blacksmith |
| 13:05 | Build | Stone Wall |
| 13:09 | Build | Stone Wall |
| 13:20 | Research | Town Watch |
| 13:23 | Build | House |
| 13:40 | Create | Villager (Male) |
| 13:43 | Build | House |
| 14:15 | Create | Villager (Male) |
| 14:32 | Build | House |
| 14:36 | Research | Castle Age |
| 14:39 | Build | House |
| 14:51 | Build | Gate |
| 14:53 | Build | Stone Wall |
| 15:17 | Research | Double-Bit Axe |
| 15:21 | Create | Fishing Ship |
| 15:21 | Create | Fishing Ship |
| 15:25 | Research | Tech 906 |
| 16:00 | Build | House |
| 16:15 | Build | Fish Trap |
| 16:21 | Build | Fish Trap |
| 16:26 | Build | House |
| 16:44 | Build | Lumber Camp |
| 17:06 | Create | Villager (Male) |
| 17:06 | Create | Villager (Male) |
| 17:20 | Age | Castle Age |
| 17:26 | Build | Siege Workshop |
| 17:52 | Build | Mining Camp |
| 17:58 | Create | Mangonel |
| 18:09 | Build | Fish Trap |
| 18:12 | Create | Villager (Male) |
| 18:12 | Create | Villager (Male) |
| 18:24 | Build | Fish Trap |
| 18:46 | Build | Fish Trap |
| 18:49 | Create | Villager (Male) |
| 18:54 | Build | Fish Trap |
| 19:06 | Build | Fish Trap |
| 19:29 | Build | Fish Trap |
| 19:31 | Create | Villager (Male) |
| 19:31 | Create | Villager (Male) |
| 19:32 | Create | Villager (Male) |
| 19:36 | Create | Scorpion |
| 20:15 | Build | Town Center |
| 20:25 | Build | Farm |
| 20:37 | Build | Dock |
| 20:43 | Research | Gillnets |
| 20:44 | Create | Villager (Male) |
| 20:45 | Create | Villager (Male) |
| 21:14 | Create | Demolition Raft |
| 21:26 | Create | Fishing Ship |
| 21:26 | Create | Fishing Ship |
| 21:27 | Create | Fishing Ship |
| 21:28 | Create | Fishing Ship |
| 21:32 | Create | Villager (Male) |
| 21:32 | Create | Villager (Male) |
| 21:40 | Research | Horse Collar |
| 21:40 | Research | Horse Collar |
| 21:54 | Create | Villager (Male) |
| 21:54 | Create | Villager (Male) |
| 21:54 | Create | Villager (Male) |
| 22:03 | Build | Farm |
| 22:16 | Build | Fish Trap |
| 22:21 | Build | Fish Trap |
| 22:25 | Create | Fishing Ship |
| 22:25 | Create | Fishing Ship |
| 22:26 | Create | Fishing Ship |
| 22:26 | Create | Villager (Male) |
| 22:27 | Create | Villager (Male) |
| 22:29 | Build | Farm |
| 22:34 | Create | Villager (Male) |
| 22:34 | Create | Villager (Male) |
| 22:41 | Build | Lumber Camp |
| 22:46 | Build | Town Center |
| 22:51 | Build | House |
| 22:51 | Build | House |
| 22:52 | Build | House |
| 22:52 | Build | House |
| 22:55 | Build | Lumber Camp |
| 23:05 | Research | Wheelbarrow |
| 23:05 | Research | Wheelbarrow |
| 23:23 | Build | Fish Trap |
| 23:34 | Build | Fish Trap |
| 23:48 | Build | Fish Trap |
| 23:50 | Create | Villager (Male) ×3 |
| 24:05 | Build | Fish Trap |
| 24:13 | Create | Fishing Ship |
| 24:13 | Create | Fishing Ship |
| 24:18 | Build | Fish Trap |
| 24:20 | Create | Villager (Male) ×4 |
| 24:23 | Build | House |
| 24:25 | Build | House |
| 24:26 | Build | House |
| 24:27 | Build | House |
| 24:39 | Build | Lumber Camp |
| 24:46 | Build | Mining Camp |
| 25:01 | Build | Fish Trap |
| 25:07 | Build | Fish Trap |
Build order — |FMG| Donde Estan Mis 5 Pizzas
First 150 of 363 actions detected
| 0:02 | Create | Villager (Male) |
| 0:02 | Create | Villager (Male) |
| 0:02 | Create | Villager (Male) |
| 0:03 | Build | House |
| 0:05 | Build | House |
| 0:15 | Create | Villager (Male) |
| 0:16 | Create | Villager (Male) |
| 0:25 | Research | Loom |
| 0:27 | Create | Villager (Male) |
| 0:38 | Create | Villager (Male) |
| 0:38 | Create | Villager (Male) |
| 0:54 | Build | Palisade Wall |
| 2:17 | Build | Palisade Wall |
| 2:29 | Create | Villager (Male) |
| 2:55 | Create | Villager (Male) |
| 2:56 | Create | Villager (Male) |
| 3:09 | Build | Lumber Camp |
| 3:17 | Create | Villager (Male) |
| 3:49 | Build | Palisade Wall |
| 3:56 | Create | Villager (Male) |
| 3:56 | Create | Villager (Male) |
| 4:12 | Create | Villager (Male) |
| 4:12 | Create | Villager (Male) |
| 4:50 | Build | Palisade Wall |
| 4:55 | Create | Villager (Male) |
| 4:56 | Create | Villager (Male) |
| 4:56 | Create | Villager (Male) |
| 5:01 | Build | House |
| 5:26 | Create | Villager (Male) |
| 5:26 | Create | Villager (Male) |
| 6:27 | Create | Villager (Male) |
| 6:27 | Create | Villager (Male) |
| 6:27 | Create | Villager (Male) |
| 6:27 | Create | Villager (Male) |
| 6:28 | Create | Villager (Male) |
| 6:39 | Build | House |
| 6:42 | Build | House |
| 7:11 | Build | Palisade Wall |
| 7:14 | Build | Palisade Wall |
| 8:14 | Create | Villager (Male) |
| 8:25 | Build | Mill |
| 8:44 | Create | Villager (Male) |
| 8:45 | Create | Villager (Male) |
| 9:18 | Research | Feudal Age |
| 9:59 | Build | Lumber Camp |
| 10:56 | Build | Barracks |
| 10:59 | Create | Villager (Male) |
| 11:04 | Build | Mining Camp |
| 11:28 | Age | Feudal Age |
| 11:31 | Research | Double-Bit Axe |
| 11:33 | Create | Villager (Male) |
| 11:49 | Build | Watch Tower |
| 11:52 | Create | Militia |
| 11:56 | Research | Man-at-Arms (upgrade) |
| 11:58 | Create | Villager (Male) |
| 12:00 | Build | Archery Range |
| 12:03 | Create | Villager (Male) |
| 12:18 | Build | Farm |
| 12:28 | Build | Farm |
| 12:35 | Create | Militia |
| 12:53 | Build | House |
| 13:03 | Create | Archer |
| 13:04 | Create | Archer |
| 13:29 | Create | Villager (Male) |
| 13:31 | Create | Villager (Male) |
| 13:35 | Research | Horse Collar |
| 13:36 | Research | Horse Collar |
| 13:56 | Create | Militia |
| 14:00 | Build | Farm |
| 14:03 | Create | Archer |
| 14:03 | Create | Archer |
| 14:04 | Create | Villager (Male) |
| 14:31 | Create | Archer |
| 14:37 | Create | Villager (Male) |
| 14:41 | Build | Farm |
| 14:59 | Create | Villager (Male) |
| 15:07 | Build | House |
| 15:13 | Create | Villager (Male) |
| 15:13 | Create | Villager (Male) |
| 15:20 | Build | House |
| 15:22 | Build | House |
| 15:22 | Build | House |
| 15:22 | Build | House |
| 15:25 | Build | Farm |
| 15:58 | Create | Archer |
| 16:15 | Research | Arson |
| 16:15 | Create | Militia |
| 16:46 | Create | Villager (Male) |
| 16:56 | Build | Farm |
| 16:59 | Build | Farm |
| 16:59 | Build | Farm |
| 17:00 | Build | Farm |
| 17:00 | Build | Farm |
| 17:00 | Build | Farm |
| 17:00 | Build | Farm |
| 17:07 | Create | Villager (Male) |
| 17:07 | Create | Villager (Male) |
| 17:11 | Build | House |
| 17:22 | Create | Militia |
| 17:32 | Build | Market |
| 17:41 | Build | Blacksmith |
| 18:00 | Create | Villager (Male) |
| 18:00 | Create | Villager (Male) |
| 18:00 | Create | Villager (Male) |
| 18:28 | Create | Archer |
| 18:28 | Create | Archer |
| 18:30 | Create | Villager (Male) |
| 18:44 | Build | House |
| 18:49 | Build | Farm |
| 19:07 | Build | Farm |
| 19:20 | Create | Villager (Male) |
| 19:33 | Research | Wheelbarrow |
| 20:53 | Research | Castle Age |
| 20:56 | Create | Archer |
| 20:57 | Create | Archer |
| 21:17 | Build | Farm |
| 21:20 | Build | Farm |
| 21:25 | Build | Farm |
| 21:47 | Create | Villager (Male) |
| 21:47 | Create | Villager (Male) |
| 22:41 | Research | Stone Mining |
| 22:42 | Research | Gold Mining |
| 24:00 | Age | Castle Age |
| 24:05 | Research | Fletching |
| 24:08 | Research | Crossbowman (upgrade) |
| 24:08 | Create | Villager (Male) |
| 24:08 | Create | Villager (Male) |
| 24:14 | Build | Town Center |
| 24:17 | Create | Villager (Male) |
| 24:17 | Create | Villager (Male) |
| 24:24 | Build | Town Center |
| 24:39 | Build | Town Center |
| 24:42 | Research | Bow Saw |
| 24:44 | Create | Villager (Male) |
| 24:46 | Build | Farm |
| 24:52 | Create | Villager (Male) |
| 24:56 | Build | Monastery |
| 24:58 | Create | Villager (Male) |
| 25:06 | Build | Farm |
| 25:08 | Create | Villager (Male) |
| 25:11 | Build | Farm |
| 25:12 | Build | Farm |
| 25:14 | Build | Farm |
| 25:14 | Build | Farm |
| 25:38 | Build | Gate |
| 25:44 | Build | Stone Wall |
| 25:47 | Build | Stone Wall |
| 25:52 | Create | Villager (Male) |
| 25:56 | Build | Farm |
| 25:58 | Create | Villager (Male) |
Build order — TwBestShaco
First 150 of 405 actions detected
| 0:02 | Create | Villager (Male) |
| 0:02 | Create | Villager (Male) |
| 0:03 | Build | House |
| 0:05 | Build | House |
| 0:07 | Create | Villager (Male) |
| 0:16 | Create | Villager (Male) |
| 0:17 | Create | Villager (Male) |
| 0:20 | Create | Villager (Male) |
| 1:24 | Create | Villager (Male) |
| 1:54 | Build | Lumber Camp |
| 1:58 | Create | Villager (Male) |
| 2:15 | Create | Villager (Male) |
| 2:15 | Create | Villager (Male) |
| 2:45 | Create | Villager (Male) |
| 2:59 | Create | Villager (Male) |
| 3:29 | Build | House |
| 3:39 | Create | Villager (Male) |
| 3:39 | Create | Villager (Male) |
| 3:57 | Build | House |
| 3:57 | Build | House |
| 3:59 | Create | Villager (Male) |
| 5:09 | Create | Villager (Male) |
| 5:13 | Create | Villager (Male) |
| 5:21 | Create | Villager (Male) |
| 5:24 | Create | Villager (Male) |
| 5:55 | Create | Villager (Male) |
| 6:23 | Create | Villager (Male) |
| 6:23 | Create | Villager (Male) |
| 6:45 | Create | Villager (Male) |
| 6:52 | Create | Villager (Male) |
| 7:15 | Build | Mill |
| 8:19 | Build | House |
| 8:24 | Build | Palisade Wall |
| 8:36 | Research | Feudal Age |
| 10:07 | Build | Mining Camp |
| 10:39 | Create | Villager (Male) |
| 10:39 | Create | Villager (Male) |
| 10:57 | Age | Feudal Age |
| 10:58 | Research | Double-Bit Axe |
| 11:03 | Build | Market |
| 11:06 | Build | Blacksmith |
| 11:43 | Create | Villager (Male) |
| 11:54 | Research | Castle Age |
| 13:59 | Research | Horse Collar |
| 14:15 | Create | Villager (Male) |
| 14:34 | Age | Castle Age |
| 14:40 | Build | Town Center |
| 14:41 | Research | Bow Saw |
| 14:47 | Create | Villager (Male) |
| 14:53 | Build | Town Center |
| 15:03 | Build | Monastery |
| 15:10 | Create | Villager (Male) |
| 15:13 | Research | Heavy Plow |
| 15:24 | Create | Villager (Male) |
| 15:38 | Create | Villager (Male) |
| 15:42 | Build | Farm |
| 15:45 | Build | Farm |
| 15:47 | Build | Farm |
| 15:48 | Create | Villager (Male) |
| 15:51 | Build | Farm |
| 15:53 | Build | Farm |
| 15:55 | Create | Villager (Male) |
| 15:58 | Build | Farm |
| 16:04 | Create | Monk |
| 16:10 | Build | Farm |
| 16:11 | Create | Villager (Male) |
| 16:12 | Create | Villager (Male) |
| 16:18 | Create | Villager (Male) |
| 16:19 | Create | Villager (Male) |
| 16:28 | Build | Farm |
| 16:41 | Build | Farm |
| 16:41 | Build | Farm |
| 16:45 | Build | Farm |
| 16:46 | Create | Villager (Male) |
| 16:54 | Build | Farm |
| 16:58 | Create | Monk |
| 17:09 | Build | Farm |
| 17:11 | Create | Villager (Male) |
| 17:17 | Build | Farm |
| 17:20 | Build | Farm |
| 17:24 | Create | Villager (Male) |
| 17:24 | Create | Villager (Male) |
| 17:34 | Build | Farm |
| 17:37 | Build | Farm |
| 17:40 | Create | Villager (Male) |
| 17:40 | Create | Villager (Male) |
| 17:45 | Build | Farm |
| 17:47 | Build | Farm |
| 17:50 | Build | Farm |
| 17:51 | Create | Villager (Male) |
| 18:00 | Create | Villager (Male) |
| 18:00 | Create | Villager (Male) |
| 18:08 | Build | House |
| 18:13 | Create | Villager (Male) |
| 18:16 | Build | House |
| 18:18 | Build | House |
| 18:19 | Build | House |
| 18:20 | Create | Villager (Male) |
| 18:24 | Build | Farm |
| 18:25 | Build | Farm |
| 18:34 | Build | Farm |
| 18:42 | Create | Villager (Male) |
| 18:43 | Create | Villager (Male) |
| 18:46 | Build | Farm |
| 18:47 | Build | Farm |
| 18:48 | Create | Villager (Male) |
| 18:54 | Build | Farm |
| 18:58 | Create | Villager (Male) |
| 19:09 | Create | Villager (Male) |
| 19:16 | Create | Villager (Male) |
| 19:18 | Create | Villager (Male) |
| 19:20 | Build | Farm |
| 19:23 | Build | Farm |
| 19:24 | Build | Farm |
| 19:25 | Create | Villager (Male) |
| 19:35 | Build | House |
| 19:36 | Build | House |
| 19:46 | Research | Wheelbarrow |
| 19:52 | Create | Villager (Male) |
| 20:06 | Create | Villager (Male) |
| 20:07 | Create | Villager (Male) |
| 20:12 | Create | Villager (Male) |
| 20:16 | Build | Town Center |
| 20:23 | Create | Villager (Male) |
| 20:31 | Create | Villager (Male) |
| 20:32 | Create | Villager (Male) |
| 20:36 | Create | Villager (Male) |
| 20:39 | Build | Farm |
| 20:40 | Build | Farm |
| 20:45 | Build | Farm |
| 20:46 | Build | Farm |
| 20:49 | Create | Villager (Male) |
| 20:51 | Build | Farm |
| 20:52 | Build | Farm |
| 20:57 | Build | Farm |
| 21:04 | Research | Gold Mining |
| 21:05 | Create | Villager (Male) |
| 21:11 | Build | House |
| 21:13 | Build | House |
| 21:15 | Build | House |
| 21:16 | Build | House |
| 21:19 | Build | House |
| 21:20 | Build | House |
| 21:22 | Create | Villager (Male) |
| 21:23 | Create | Villager (Male) |
| 21:38 | Create | Villager (Male) |
| 21:42 | Create | Villager (Male) |
| 21:47 | Create | Villager (Male) |
| 21:47 | Create | Villager (Male) |
| 21:49 | Create | Villager (Male) |
Build order — NahuXeneize
First 150 of 299 actions detected
| 0:02 | Create | Villager (Male) |
| 0:03 | Build | House |
| 0:04 | Build | House |
| 0:19 | Create | Villager (Male) |
| 0:19 | Create | Villager (Male) |
| 0:48 | Create | Villager (Male) |
| 0:48 | Create | Villager (Male) |
| 1:27 | Research | Loom |
| 1:44 | Create | Villager (Male) |
| 2:31 | Create | Villager (Male) |
| 2:44 | Build | Palisade Wall |
| 2:49 | Create | Villager (Male) |
| 3:13 | Create | Villager (Male) |
| 3:41 | Create | Villager (Male) |
| 3:41 | Create | Villager (Male) |
| 3:56 | Build | Palisade Wall |
| 4:10 | Build | Palisade Wall |
| 4:13 | Create | Villager (Male) |
| 4:36 | Create | Villager (Male) |
| 4:54 | Build | Lumber Camp |
| 5:03 | Create | Villager (Male) |
| 5:06 | Build | House |
| 5:28 | Build | House |
| 5:44 | Create | Villager (Male) |
| 6:10 | Create | Villager (Male) |
| 6:22 | Create | Villager (Male) |
| 6:58 | Create | Villager (Male) |
| 7:17 | Create | Villager (Male) |
| 7:34 | Create | Villager (Male) |
| 7:52 | Create | Villager (Male) |
| 7:55 | Build | Dock |
| 8:06 | Create | Villager (Male) |
| 8:29 | Create | Fishing Ship |
| 8:39 | Build | House |
| 8:41 | Build | House |
| 9:01 | Create | Villager (Male) |
| 9:04 | Create | Fishing Ship |
| 9:15 | Build | House |
| 9:20 | Build | Palisade Wall |
| 9:34 | Create | Villager (Male) |
| 9:40 | Build | Mill |
| 9:44 | Create | Villager (Male) |
| 10:06 | Build | House |
| 10:09 | Create | Villager (Male) |
| 10:30 | Create | Villager (Male) |
| 10:53 | Create | Villager (Male) |
| 11:04 | Create | Fishing Ship |
| 11:19 | Build | Mining Camp |
| 11:26 | Create | Villager (Male) |
| 11:29 | Create | Fishing Ship |
| 11:48 | Create | Villager (Male) |
| 12:11 | Build | Mining Camp |
| 12:16 | Research | Feudal Age |
| 12:37 | Build | House |
| 13:12 | Build | House |
| 13:24 | Create | Villager (Male) |
| 13:25 | Create | Villager (Male) |
| 13:45 | Build | House |
| 13:46 | Build | House |
| 13:51 | Build | House |
| 14:40 | Age | Feudal Age |
| 14:44 | Build | Market |
| 14:47 | Build | Blacksmith |
| 15:02 | Research | Double-Bit Axe |
| 15:08 | Build | House |
| 15:21 | Research | Castle Age |
| 15:32 | Research | Tech 906 |
| 15:49 | Build | Fish Trap |
| 15:55 | Build | Fish Trap |
| 16:06 | Build | Fish Trap |
| 16:13 | Research | Stone Mining |
| 16:16 | Research | Gold Mining |
| 16:25 | Create | Fishing Ship |
| 16:34 | Build | Fish Trap |
| 17:08 | Build | Fish Trap |
| 17:14 | Research | Town Watch |
| 17:23 | Build | Outpost |
| 17:33 | Build | Outpost |
| 17:38 | Create | Fishing Ship |
| 18:09 | Create | Fishing Ship |
| 18:10 | Age | Castle Age |
| 18:21 | Build | Castle |
| 18:27 | Research | Bow Saw |
| 18:28 | Create | Villager (Male) |
| 18:45 | Build | Town Center |
| 18:47 | Create | Villager (Male) |
| 19:25 | Create | Villager (Male) |
| 19:31 | Create | Conquistador |
| 19:36 | Research | Wheelbarrow |
| 19:42 | Build | Fish Trap |
| 20:03 | Create | Conquistador |
| 20:31 | Create | Conquistador |
| 20:32 | Create | Villager (Male) |
| 20:43 | Create | Conquistador |
| 20:48 | Build | Gate |
| 21:00 | Create | Conquistador |
| 21:29 | Create | Villager (Male) |
| 21:43 | Build | Stone Wall |
| 21:44 | Create | Villager (Male) |
| 21:50 | Build | Farm |
| 21:50 | Build | Farm |
| 21:55 | Create | Fishing Ship ×5 |
| 21:57 | Create | Villager (Male) |
| 22:10 | Build | Siege Workshop |
| 22:13 | Create | Villager (Male) |
| 22:49 | Create | Villager (Male) |
| 22:53 | Create | Battering Ram |
| 23:17 | Create | Villager (Male) |
| 23:18 | Create | Conquistador |
| 23:29 | Build | Fish Trap |
| 23:46 | Create | Villager (Male) |
| 24:22 | Create | Villager (Male) |
| 24:23 | Create | Conquistador |
| 24:27 | Create | Villager (Male) |
| 24:28 | Create | Villager (Male) |
| 24:31 | Build | Mill |
| 24:32 | Build | Farm |
| 24:32 | Build | Farm |
| 24:32 | Build | Farm |
| 24:33 | Build | Farm |
| 24:33 | Build | Farm |
| 24:33 | Build | Farm |
| 24:33 | Build | Farm |
| 24:34 | Build | Farm |
| 24:34 | Build | Farm |
| 24:34 | Build | Farm |
| 24:41 | Research | Horse Collar |
| 24:41 | Research | Horse Collar |
| 24:48 | Create | Conquistador |
| 24:53 | Build | Lumber Camp |
| 25:01 | Build | Farm |
| 25:01 | Build | Farm |
| 25:02 | Build | Farm |
| 25:02 | Build | Farm |
| 25:02 | Build | Farm |
| 25:02 | Build | Farm |
| 25:03 | Build | Farm |
| 25:09 | Build | Fish Trap |
| 25:11 | Build | Fish Trap |
| 25:14 | Build | Fish Trap |
| 25:22 | Build | Fish Trap |
| 25:28 | Build | Fish Trap |
| 25:34 | Create | Villager (Male) |
| 25:34 | Create | Villager (Male) |
| 25:34 | Create | Villager (Male) |
| 25:41 | Create | Conquistador |
| 25:43 | Create | Villager (Male) |
| 25:50 | Build | Farm |
| 25:56 | Research | Heavy Plow |
| 26:00 | Create | Villager (Male) |
Build order — FMG | Santiago
First 150 of 414 actions detected
| 0:01 | Create | Villager (Male) |
| 0:02 | Build | House |
| 0:03 | Build | House |
| 0:12 | Research | Loom |
| 0:13 | Create | Villager (Male) |
| 0:14 | Create | Villager (Male) |
| 0:14 | Create | Villager (Male) |
| 0:37 | Build | Palisade Wall |
| 1:34 | Build | Palisade Wall |
| 1:36 | Build | Palisade Wall |
| 1:42 | Build | Lumber Camp |
| 2:45 | Create | Villager (Male) |
| 2:45 | Create | Villager (Male) |
| 2:56 | Build | House |
| 3:06 | Create | Villager (Male) |
| 3:06 | Create | Villager (Male) |
| 3:13 | Build | House |
| 3:18 | Build | Palisade Wall |
| 3:31 | Build | Palisade Wall |
| 3:34 | Build | Palisade Wall |
| 3:49 | Build | Palisade Wall |
| 4:01 | Create | Villager (Male) |
| 4:01 | Create | Villager (Male) |
| 4:16 | Build | Palisade Wall |
| 4:52 | Create | Villager (Male) |
| 4:53 | Create | Villager (Male) |
| 5:17 | Build | Mill |
| 5:23 | Create | Villager (Male) |
| 5:23 | Create | Villager (Male) |
| 5:47 | Create | Villager (Male) |
| 5:48 | Create | Villager (Male) |
| 6:24 | Create | Villager (Male) |
| 6:24 | Create | Villager (Male) |
| 6:36 | Create | Villager (Male) |
| 6:40 | Build | House |
| 6:48 | Create | Villager (Male) |
| 6:48 | Create | Villager (Male) |
| 7:05 | Build | House |
| 7:24 | Create | Villager (Male) |
| 7:24 | Create | Villager (Male) |
| 7:25 | Create | Villager (Male) |
| 8:21 | Create | Villager (Male) |
| 8:31 | Create | Villager (Male) |
| 8:57 | Create | Villager (Male) |
| 9:06 | Build | Mill |
| 9:09 | Create | Villager (Male) |
| 9:18 | Create | Villager (Male) |
| 9:43 | Create | Villager (Male) |
| 9:59 | Create | Villager (Male) |
| 10:03 | Build | House |
| 10:05 | Build | House |
| 10:23 | Build | Farm |
| 10:25 | Build | Farm |
| 10:30 | Build | Farm |
| 11:01 | Research | Feudal Age |
| 11:21 | Build | Mining Camp |
| 11:31 | Build | Farm |
| 11:38 | Create | Villager (Male) |
| 12:11 | Create | Villager (Male) |
| 13:34 | Age | Feudal Age |
| 13:37 | Build | Market |
| 13:42 | Build | Blacksmith |
| 14:12 | Create | Villager (Male) |
| 14:26 | Research | Castle Age |
| 14:51 | Build | Stone Wall |
| 14:55 | Research | Horse Collar |
| 14:59 | Research | Double-Bit Axe |
| 15:02 | Build | House |
| 15:06 | Build | House |
| 15:09 | Create | Villager (Male) |
| 16:28 | Create | Villager (Male) |
| 16:40 | Build | House |
| 16:40 | Build | House |
| 16:41 | Build | House |
| 16:41 | Build | House |
| 16:42 | Build | House |
| 16:42 | Build | House |
| 17:06 | Age | Castle Age |
| 17:10 | Build | Town Center |
| 17:11 | Research | Bow Saw |
| 17:14 | Research | Heavy Plow |
| 17:15 | Create | Villager (Male) |
| 17:24 | Build | Town Center |
| 17:51 | Build | House |
| 18:10 | Create | Villager (Male) |
| 18:10 | Create | Villager (Male) |
| 18:19 | Build | Farm |
| 18:20 | Build | Farm |
| 18:22 | Build | Farm |
| 18:24 | Create | Villager (Male) |
| 18:32 | Create | Villager (Male) |
| 18:41 | Build | Farm |
| 18:43 | Create | Villager (Male) |
| 18:43 | Create | Villager (Male) |
| 18:45 | Build | Farm |
| 18:56 | Create | Villager (Male) |
| 18:56 | Create | Villager (Male) |
| 19:01 | Build | Farm |
| 19:03 | Build | Farm |
| 19:09 | Create | Villager (Male) |
| 19:18 | Create | Villager (Male) |
| 19:28 | Build | Stone Wall |
| 19:38 | Create | Villager (Male) |
| 19:38 | Create | Villager (Male) |
| 19:51 | Create | Villager (Male) |
| 19:51 | Create | Villager (Male) |
| 20:02 | Build | Siege Workshop |
| 20:10 | Create | Villager (Male) |
| 20:11 | Create | Villager (Male) |
| 20:14 | Build | Monastery |
| 20:26 | Build | Stone Wall |
| 20:30 | Create | Villager (Male) |
| 20:31 | Create | Villager (Male) |
| 20:31 | Create | Villager (Male) |
| 20:38 | Create | Scorpion |
| 20:38 | Create | Scorpion |
| 20:44 | Create | Villager (Male) |
| 20:52 | Create | Monk |
| 20:52 | Create | Monk |
| 21:01 | Build | Farm |
| 21:08 | Create | Villager (Male) |
| 21:09 | Create | Villager (Male) |
| 21:15 | Create | Villager (Male) |
| 21:15 | Create | Villager (Male) |
| 21:31 | Create | Villager (Male) |
| 21:31 | Create | Villager (Male) |
| 21:34 | Build | Farm |
| 21:35 | Build | Farm |
| 21:36 | Build | Farm |
| 21:43 | Build | Farm |
| 21:45 | Create | Villager (Male) |
| 21:54 | Create | Villager (Male) |
| 21:54 | Create | Villager (Male) |
| 21:57 | Build | Farm |
| 22:01 | Build | Farm |
| 22:07 | Build | Farm |
| 22:09 | Build | Farm |
| 22:28 | Create | Villager (Male) |
| 22:28 | Create | Villager (Male) |
| 22:29 | Create | Monk |
| 22:46 | Create | Villager (Male) |
| 22:46 | Create | Villager (Male) |
| 23:05 | Create | Villager (Male) |
| 23:05 | Create | Villager (Male) |
| 23:06 | Create | Villager (Male) |
| 23:17 | Create | Villager (Male) |
| 23:28 | Build | Farm |
| 23:28 | Build | Farm |
| 23:28 | Build | Farm |
| 23:28 | Build | Farm |
Match timeline
| 0:37 | FMG | Santiago · wall_segment Palisade Wall x10 |
| 0:54 | |FMG| Donde Estan Mis 5 Pizzas · wall_segment Palisade Wall x9 |
| 1:34 | FMG | Santiago · wall_segment Palisade Wall x8 |
| 1:36 | FMG | Santiago · wall_segment Palisade Wall x1 |
| 2:17 | |FMG| Donde Estan Mis 5 Pizzas · wall_segment Palisade Wall x1 |
| 2:44 | NahuXeneize · wall_segment Palisade Wall x9 |
| 3:09 | Don Pollo · wall_segment Palisade Wall x11 |
| 3:18 | FMG | Santiago · wall_segment Palisade Wall x1 |
| 3:31 | FMG | Santiago · wall_segment Palisade Wall x1 |
| 3:34 | FMG | Santiago · wall_segment Palisade Wall x1 |
| 3:49 | FMG | Santiago · wall_segment Palisade Wall x11 |
| 3:49 | |FMG| Donde Estan Mis 5 Pizzas · wall_segment Palisade Wall x6 |
| 3:56 | NahuXeneize · wall_segment Palisade Wall x9 |
| 4:10 | NahuXeneize · wall_segment Palisade Wall x10 |
| 4:16 | FMG | Santiago · wall_segment Palisade Wall x1 |
| 4:50 | |FMG| Donde Estan Mis 5 Pizzas · wall_segment Palisade Wall x11 |
| 7:11 | |FMG| Donde Estan Mis 5 Pizzas · wall_segment Palisade Wall x3 |
| 7:14 | |FMG| Donde Estan Mis 5 Pizzas · wall_segment Palisade Wall x8 |
| 7:55 | NahuXeneize · first_building Dock |
| 8:24 | TwBestShaco · wall_segment Palisade Wall x5 |
| 8:40 | Don Pollo · first_building Dock |
| 9:20 | NahuXeneize · wall_segment Palisade Wall x1 |
| 10:56 | |FMG| Donde Estan Mis 5 Pizzas · first_building Barracks |
| 10:57 | TwBestShaco · age_up feudal |
| 11:28 | |FMG| Donde Estan Mis 5 Pizzas · age_up feudal |
| 11:46 | FMG | GreatMaty · age_up feudal |
| 12:00 | |FMG| Donde Estan Mis 5 Pizzas · first_building Archery Range |
| 12:12 | Don Pollo · age_up feudal |
| 13:05 | Don Pollo · wall_segment Stone Wall x1 |
| 13:09 | Don Pollo · wall_segment Stone Wall x15 |
| 13:34 | FMG | Santiago · age_up feudal |
| 14:17 | Don Pollo · first_market_sell 100 wood |
| 14:18 | Don Pollo · first_market_buy 100 food |
| 14:34 | TwBestShaco · age_up castle |
| 14:40 | NahuXeneize · age_up feudal |
| 14:49 | FMG | GreatMaty · first_building Barracks |
| 14:51 | FMG | Santiago · wall_segment Stone Wall x8 |
| 14:53 | Don Pollo · wall_segment Stone Wall x6 |
| 15:03 | TwBestShaco · first_building Monastery |
| 15:21 | FMG | GreatMaty · age_up castle |
| 16:44 | FMG | GreatMaty · first_market_buy 100 stone |
| 17:06 | FMG | Santiago · age_up castle |
| 17:20 | Don Pollo · age_up castle |
| 17:26 | Don Pollo · first_building Siege Workshop |
| 17:43 | FMG | GreatMaty · first_building Monastery |
| 18:10 | NahuXeneize · age_up castle |
| 18:21 | NahuXeneize · first_building Castle |
| 18:33 | NahuXeneize · first_market_buy 100 wood |
| 19:28 | FMG | Santiago · wall_segment Stone Wall x11 |
| 20:00 | NahuXeneize · first_market_sell 100 stone |
| 20:02 | FMG | Santiago · first_building Siege Workshop |
| 20:14 | TwBestShaco · first_market_buy 100 stone |
| 20:14 | FMG | Santiago · first_building Monastery |
| 20:17 | |FMG| Donde Estan Mis 5 Pizzas · first_market_sell 100 wood |
| 20:21 | |FMG| Donde Estan Mis 5 Pizzas · first_market_buy 100 food |
| 20:26 | FMG | Santiago · wall_segment Stone Wall x1 |
| 21:43 | NahuXeneize · wall_segment Stone Wall x5 |
| 22:10 | NahuXeneize · first_building Siege Workshop |
| 22:25 | FMG | GreatMaty · wall_segment Stone Wall x12 |
| 22:36 | FMG | GreatMaty · first_market_sell 100 wood |
| 23:52 | FMG | Santiago · first_market_sell 100 wood |
| 24:00 | |FMG| Donde Estan Mis 5 Pizzas · age_up castle |
| 24:36 | FMG | Santiago · first_market_buy 100 stone |
| 24:56 | |FMG| Donde Estan Mis 5 Pizzas · first_building Monastery |
| 25:14 | TwBestShaco · first_building Barracks |
| 25:44 | |FMG| Donde Estan Mis 5 Pizzas · wall_segment Stone Wall x2 |
| 25:47 | |FMG| Donde Estan Mis 5 Pizzas · wall_segment Stone Wall x3 |
| 26:30 | TwBestShaco · first_building Stable |
| 26:41 | NahuXeneize · first_building Barracks |
| 27:24 | NahuXeneize · first_building Stable |
| 28:43 | FMG | GreatMaty · first_building Siege Workshop |
| 28:55 | FMG | Santiago · wall_segment Stone Wall x4 |
| 29:06 | TwBestShaco · age_up imperial |
| 29:29 | FMG | Santiago · wall_segment Stone Wall x4 |
| 30:00 | Don Pollo · first_building Castle |
| 30:01 | FMG | GreatMaty · age_up imperial |
| 30:41 | FMG | Santiago · wall_segment Stone Wall x5 |
| 30:43 | FMG | Santiago · wall_segment Stone Wall x4 |
| 31:00 | FMG | Santiago · first_building Barracks |
| 31:41 | FMG | Santiago · first_building Archery Range |
| 32:26 | Don Pollo · age_up imperial |
| 32:43 | FMG | GreatMaty · wall_segment Stone Wall x3 |
| 32:44 | FMG | GreatMaty · wall_segment Stone Wall x1 |
| 32:46 | FMG | GreatMaty · wall_segment Stone Wall x6 |
| 32:55 | |FMG| Donde Estan Mis 5 Pizzas · first_building Castle |
| 33:34 | |FMG| Donde Estan Mis 5 Pizzas · age_up imperial |
| 35:10 | NahuXeneize · age_up imperial |
| 35:23 | TwBestShaco · first_building Castle |
| 37:17 | FMG | GreatMaty · first_building Castle |
| 38:06 | FMG | GreatMaty · wall_segment Stone Wall x12 |
| 38:13 | FMG | GreatMaty · wall_segment Stone Wall x13 |
| 39:20 | FMG | GreatMaty · wall_segment Stone Wall x1 |
| 39:45 | FMG | GreatMaty · resign |
[ AI ANALYSIS · 1 CREDIT ]
What really happened in this match?
Wolo.gg analyzes every decision: build order, eco, micro, common mistakes by bracket. Personalized analysis on WhatsApp or Discord in 30 seconds.
Civ guide
Teutons
Perfil
GreatMaty